BLB
SANTO DOMINGO RUM RUNNERS @ PHILADELPHIA FREEDOM
06/12/2060
 
TOP OF THE 1ST
Santo Domingo Rum Runners batting - Pitching for Philadelphia Freedom : RHP Elliot Caldwell
Pitching: RHP Elliot Caldwell
Batting: RHB Payton Weinberg 0-0: Ground out 5-3 (Groundball, 56, EV 101.9 MPH)
Batting: LHB Tom Ho 0-0: Called Strike
0-1: Ball
1-1: Ball
2-1: Ball
3-1: DOUBLE (Line Drive, 7LM, EV 111.2 MPH)
Batting: LHB Damon Casebier 0-0: Ball
1-0: Ball
2-0: Ball
3-0: Called Strike
3-1: SINGLE (Line Drive, 4D, EV 98.1 MPH)
Tom Ho to third
Batting: LHB Ronald Anderson 0-0: Called Strike
0-1: SINGLE (Line Drive, 9LS, EV 110.0 MPH)
Tom Ho scores
Damon Casebier to second
Batting: LHB Larry Collier 0-0: Foul Ball, location: 2F
0-1: Foul Ball, location: 2F
0-2: Ball
1-2: Foul Ball, location: 2F
1-2: Ball
2-2: Foul Ball, location: 2F
2-2: Fly out, F9 (Flyball, 9D, EV 96.9 MPH)
Runner from 2nd tags up, SAFE at 3rd, no throw by RF
Batting: RHB James Scarbrough 0-0: Ball
1-0: Foul Ball, location: 2F
1-1: Foul Ball, location: 2F
1-2: Ball
2-2: Fly out, F8 (Flyball, 8LXD, EV 81.2 MPH)
Top of the 1st over - 1 run, 3 hits, 0 errors, 2 left on base; Santo Domingo 1 - Philadelphia 0
BOTTOM OF THE 1ST
Philadelphia Freedom batting - Pitching for Santo Domingo Rum Runners : LHP Ken Burns
Pitching: LHP Ken Burns
Batting: RHB Isaiah Thomas 0-0: Called Strike
0-1: Called Strike
0-2: Strikes out swinging
Batting: LHB Rob Morris 0-0: Called Strike
0-1: Called Strike
0-2: Strikes out looking
Batting: RHB Joseph Flynn 0-0: Ball
1-0: Ball
2-0: Ground out 6-3 (Groundball, 6S, EV 86.9 MPH)
Bottom of the 1st over - 0 runs, 0 hits, 0 errors, 0 left on base; Santo Domingo 1 - Philadelphia 0
TOP OF THE 2ND
Santo Domingo Rum Runners batting - Pitching for Philadelphia Freedom : RHP Elliot Caldwell
Batting: LHB Kolby Carter 0-0: Ball
1-0: Ground out 6-3 (Groundball, 4MD, EV 85.0 MPH)
Batting: RHB Devin Geertz 0-0: Ball
1-0: Ball
2-0: Fly out, F8 (Line Drive, 8LS, EV 99.4 MPH)
Batting: RHB Andy Wood 0-0: Called Strike
0-1: Ball
1-1: SINGLE (Groundball, 56D, EV 96.9 MPH)
Batting: RHB Payton Weinberg 0-0: Called Strike
0-1: Ball
1-1: Called Strike
1-2: Ball
2-2: Foul Ball, location: 2F
2-2: Foul Ball, location: 2F
2-2: Foul Ball, location: 2F
2-2: Fielders Choice at 2nd, 6-4 (Groundball, 6, EV 92.5 MPH)
Top of the 2nd over - 0 runs, 1 hit, 0 errors, 1 left on base; Santo Domingo 1 - Philadelphia 0
BOTTOM OF THE 2ND
Philadelphia Freedom batting - Pitching for Santo Domingo Rum Runners : LHP Ken Burns
Batting: RHB Wellington Wingate 0-0: Ball
1-0: Called Strike
1-1: Ball
2-1: Foul Ball, location: 2F
2-2: Strikes out looking
Batting: RHB James Lester 0-0: Fly out, F9 (Flyball, 9LM, EV 88.1 MPH)
Batting: LHB Elliot Caldwell 0-0: Called Strike
0-1: Foul Ball, location: 2F
0-2: Ball
1-2: Ground out 5-3 (Groundball, 56, EV 86.2 MPH)
Bottom of the 2nd over - 0 runs, 0 hits, 0 errors, 0 left on base; Santo Domingo 1 - Philadelphia 0
TOP OF THE 3RD
Santo Domingo Rum Runners batting - Pitching for Philadelphia Freedom : RHP Elliot Caldwell
Batting: LHB Tom Ho 0-0: Ground out U3 (Groundball, 3, EV 89.4 MPH)
Batting: LHB Damon Casebier 0-0: Ball
1-0: Foul Ball, location: 2F
1-1: SINGLE (Groundball, 34D, EV 99.4 MPH)
Batting: LHB Ronald Anderson 0-0: Ball
1-0: Ball
2-0: Foul Ball, location: 2F
2-1: Called Strike
2-2: Ball
3-2: SINGLE (Groundball, 6M, EV 95.0 MPH)
Damon Casebier to second
Runner from 2nd tries for 3rd, SAFE, throw by CF made to third
Batting: LHB Larry Collier 0-0: Called Strike
0-1: Called Strike
Ronald Anderson steals 2nd base
0-2: Foul Ball, location: 2F
0-2: Foul Ball, location: 2F
0-2: Ball
1-2: Ball
2-2: Foul Ball, location: 2F
2-2: DOUBLE (Line Drive, 9LD, EV 113.1 MPH)
Damon Casebier scores
Ronald Anderson scores
Batting: RHB James Scarbrough 0-0: Called Strike
Larry Collier is caught stealing 3rd base 2-5
0-1: Fly out, F8 (Flyball, 8RD, EV 87.5 MPH)
Top of the 3rd over - 2 runs, 3 hits, 0 errors, 0 left on base; Santo Domingo 3 - Philadelphia 0
BOTTOM OF THE 3RD
Philadelphia Freedom batting - Pitching for Santo Domingo Rum Runners : LHP Ken Burns
Batting: RHB Phillip Cox 0-0: Ball
1-0: Foul Ball, location: 2F
1-1: Foul Ball, location: 2F
1-2: Foul Ball, location: 2F
1-2: Strikes out swinging
Batting: RHB Garret Connors 0-0: Ball
1-0: Fly out, F8 (Flyball, 89D, EV 101.2 MPH)
Batting: LHB Marlon Johnson 0-0: Called Strike
0-1: Foul Ball, location: 2F
0-2: Foul Ball, location: 2F
0-2: Ball
1-2: Foul Ball, location: 2F
1-2: Strikes out swinging
Bottom of the 3rd over - 0 runs, 0 hits, 0 errors, 0 left on base; Santo Domingo 3 - Philadelphia 0
TOP OF THE 4TH
Santo Domingo Rum Runners batting - Pitching for Philadelphia Freedom : RHP Elliot Caldwell
Batting: LHB Kolby Carter 0-0: Called Strike
0-1: Ball
1-1: Ball
2-1: Swinging Strike
2-2: SINGLE (Groundball, 3S, EV 73.1 MPH) (infield hit)
Batting: RHB Devin Geertz 0-0: Ball
1-0: Reached on error, E6 (Groundball, 6, EV 108.8 MPH)
Kolby Carter to second
Batting: RHB Andy Wood 0-0: Ball
1-0: Foul Ball, location: 2F
1-1: Ball
2-1: Grounds into double play, 1-6-3 (Groundball, 13, EV 68.8 MPH)
Kolby Carter to third
Batting: RHB Payton Weinberg 0-0: Ground out 6-3 (Groundball, 6, EV 108.1 MPH)
Top of the 4th over - 0 runs, 1 hit, 1 error, 1 left on base; Santo Domingo 3 - Philadelphia 0
BOTTOM OF THE 4TH
Philadelphia Freedom batting - Pitching for Santo Domingo Rum Runners : LHP Ken Burns
Batting: RHB Isaiah Thomas 0-0: Called Strike
0-1: Ball
1-1: Foul Ball, location: 2F
1-2: Foul Ball, location: 2F
1-2: Ball
2-2: SINGLE (Groundball, 56, EV 105.6 MPH)
Batting: LHB Rob Morris 0-0: Called Strike
0-1: Called Strike
0-2: Foul Ball, location: 2F
0-2: Foul Ball, location: 2F
0-2: Foul Ball, location: 2F
0-2: Ball
1-2: Ball
2-2: Strikes out swinging
Batting: RHB Joseph Flynn 0-0: Called Strike
0-1: Swinging Strike
0-2: Foul Ball, location: 2F
0-2: Foul Ball, location: 2F
0-2: Foul Ball, location: 2F
0-2: Grounds into double play, 5-4-3 (Groundball, 56S, EV 88.1 MPH)
Bottom of the 4th over - 0 runs, 1 hit, 0 errors, 0 left on base; Santo Domingo 3 - Philadelphia 0
TOP OF THE 5TH
Santo Domingo Rum Runners batting - Pitching for Philadelphia Freedom : RHP Elliot Caldwell
Batting: LHB Tom Ho 0-0: Ball
1-0: Called Strike
1-1: Foul Ball, location: 2F
1-2: Ground out 4-3 (Groundball, 4, EV 90.6 MPH)
Batting: LHB Damon Casebier 0-0: Ground out 4-3 (Groundball, 34D, EV 100.6 MPH)
Batting: LHB Ronald Anderson 0-0: Called Strike
0-1: Called Strike
0-2: Foul Ball, location: 2F
0-2: Ball
1-2: SINGLE (Groundball, 4M, EV 106.2 MPH) (infield hit)
Batting: LHB Larry Collier 0-0: Ball
Ronald Anderson steals 2nd base
1-0: SINGLE (Groundball, 4D, EV 108.8 MPH)
Ronald Anderson to third
Runner from 3rd tries for Home, SAFE, throw by RF to home
Batting: RHB James Scarbrough 0-0: Ball
1-0: Foul Ball, location: 2F
1-1: Foul Ball, location: 2F
1-2: Reached on error, E5 (Groundball, 56, EV 87.5 MPH)
Larry Collier to second
Batting: LHB Kolby Carter 0-0: Fielders Choice at 2nd, 5-4 (Groundball, 56, EV 103.1 MPH)
Top of the 5th over - 1 run, 2 hits, 1 error, 2 left on base; Santo Domingo 4 - Philadelphia 0
BOTTOM OF THE 5TH
Philadelphia Freedom batting - Pitching for Santo Domingo Rum Runners : LHP Ken Burns
Batting: RHB Wellington Wingate 0-0: Ball
1-0: Ball
2-0: Fly out, F8 (Line Drive, 8RD, EV 105.6 MPH)
Batting: RHB James Lester 0-0: Ball
1-0: Ball
2-0: Called Strike
2-1: Ball
3-1: DOUBLE (Flyball, 89D, EV 103.1 MPH)
Pinch Hitting: RHB Josh Frost 0-0: Ball
1-0: Ball
2-0: Ball
3-0: Called Strike
3-1: Called Strike
3-2: Strikes out swinging
Batting: RHB Phillip Cox 0-0: Fly out, F8 (Flyball, 8RM, EV 85.6 MPH)
Bottom of the 5th over - 0 runs, 1 hit, 0 errors, 1 left on base; Santo Domingo 4 - Philadelphia 0
TOP OF THE 6TH
Santo Domingo Rum Runners batting - Pitching for Philadelphia Freedom : RHP Elliot Caldwell
Pitching: RHP Levi Quinn
Batting: RHB Devin Geertz 0-0: Foul Ball, location: 2F
0-1: Foul Ball, location: 2F
0-2: SINGLE (Groundball, 6MD, EV 96.9 MPH)
Batting: RHB Andy Wood 0-0: Bunted foul
0-1: Bunt missed!
0-2: Strikes out looking
Batting: RHB Payton Weinberg 0-0: Called Strike
0-1: Ball
1-1: Ball
2-1: Swinging Strike
2-2: Foul Ball, location: 2F
2-2: Strikes out swinging
Batting: LHB Tom Ho 0-0: Ball
1-0: Fly out, F3 (Popup, 23F, EV 85.0 MPH)
Top of the 6th over - 0 runs, 1 hit, 0 errors, 1 left on base; Santo Domingo 4 - Philadelphia 0
BOTTOM OF THE 6TH
Philadelphia Freedom batting - Pitching for Santo Domingo Rum Runners : LHP Ken Burns
Batting: RHB Garret Connors 0-0: Ball
1-0: Called Strike
1-1: Ball
2-1: Fly out, F6 (Flyball, 6MD, EV 86.9 MPH)
Batting: LHB Marlon Johnson 0-0: Foul Ball, location: 2F
0-1: Called Strike
0-2: Strikes out swinging
Batting: RHB Isaiah Thomas 0-0: Ball
1-0: Ball
2-0: Ball
3-0: Called Strike
3-1: Foul Ball, location: 2F
3-2: Ground out U3 (Groundball, 34, EV 101.2 MPH)
Bottom of the 6th over - 0 runs, 0 hits, 0 errors, 0 left on base; Santo Domingo 4 - Philadelphia 0
TOP OF THE 7TH
Santo Domingo Rum Runners batting - Pitching for Philadelphia Freedom : RHP Levi Quinn
Batting: LHB Damon Casebier 0-0: Fly out, F8 (Flyball, 8LD, EV 87.5 MPH)
Batting: LHB Ronald Anderson 0-0: Ball
1-0: Swinging Strike
1-1: Foul Ball, location: 2F
1-2: Strikes out swinging
Batting: LHB Larry Collier 0-0: Ball
1-0: SINGLE (Groundball, 34D, EV 100.0 MPH)
Batting: RHB James Scarbrough 0-0: Fly out, F8 (Flyball, 8LD, EV 91.9 MPH)
Top of the 7th over - 0 runs, 1 hit, 0 errors, 1 left on base; Santo Domingo 4 - Philadelphia 0
BOTTOM OF THE 7TH
Philadelphia Freedom batting - Pitching for Santo Domingo Rum Runners : LHP Ken Burns
Batting: LHB Rob Morris 0-0: Ball
1-0: Ball
2-0: Foul Ball, location: 2F
2-1: Ball
3-1: Swinging Strike
3-2: Strikes out swinging
Batting: RHB Joseph Flynn 0-0: Ground out 6-3 (Groundball, 6M, EV 86.2 MPH)
Batting: RHB Wellington Wingate 0-0: Ball
1-0: Called Strike
1-1: Foul Ball, location: 2F
1-2: Foul Ball, location: 2F
1-2: Strikes out swinging
Bottom of the 7th over - 0 runs, 0 hits, 0 errors, 0 left on base; Santo Domingo 4 - Philadelphia 0
TOP OF THE 8TH
Santo Domingo Rum Runners batting - Pitching for Philadelphia Freedom : RHP Levi Quinn
Batting: LHB Kolby Carter 0-0: Ball
1-0: Swinging Strike
1-1: Foul Ball, location: 2F
1-2: Ball
2-2: Strikes out swinging
Batting: RHB Devin Geertz 0-0: Ball
1-0: Called Strike
1-1: Fly out, F8 (Flyball, 89XD, EV 73.8 MPH)
Batting: RHB Andy Wood 0-0: Ball
1-0: Fly out, F7 (Flyball, 7, EV 85.0 MPH)
Top of the 8th over - 0 runs, 0 hits, 0 errors, 0 left on base; Santo Domingo 4 - Philadelphia 0
BOTTOM OF THE 8TH
Philadelphia Freedom batting - Pitching for Santo Domingo Rum Runners : LHP Ken Burns
Batting: RHB James Lester 0-0: Called Strike
0-1: Ball
1-1: Ball
2-1: Fly out, F3 (Line Drive, 3, EV 70.0 MPH)
Pinch Hitting: LHB Amonte Raper 0-0: Called Strike
0-1: Ball
1-1: Ball
2-1: Swinging Strike
2-2: Fly out, F8 (Flyball, 8LXD, EV 101.9 MPH)
Batting: RHB Phillip Cox 0-0: Ball
1-0: Swinging Strike
1-1: Ball
2-1: Ball
3-1: SINGLE (Groundball, 6MD, EV 96.9 MPH)
Batting: RHB Garret Connors 0-0: Ball
1-0: SINGLE (Line Drive, 4M, EV 100.0 MPH)
Phillip Cox to second
Batting: LHB Marlon Johnson 0-0: Called Strike
0-1: Called Strike
0-2: Ball
1-2: Ball
2-2: Strikes out swinging
Bottom of the 8th over - 0 runs, 2 hits, 0 errors, 2 left on base; Santo Domingo 4 - Philadelphia 0
TOP OF THE 9TH
Santo Domingo Rum Runners batting - Pitching for Philadelphia Freedom : RHP Levi Quinn
Pitching: RHP Turner Hicks
Pinch Hitting: LHB Lester Bridges 0-0: Called Strike
0-1: Called Strike
0-2: Strikes out looking
Batting: LHB Tom Ho 0-0: Ground out 5-3 (Groundball, 5L, EV 104.4 MPH)
Batting: LHB Damon Casebier 0-0: Called Strike
0-1: Called Strike
0-2: Foul Ball, location: 2F
0-2: Foul Ball, location: 2F
0-2: Foul Ball, location: 2F
0-2: Fly out, F7 (Flyball, 7LM, EV 90.0 MPH)
Top of the 9th over - 0 runs, 0 hits, 0 errors, 0 left on base; Santo Domingo 4 - Philadelphia 0
BOTTOM OF THE 9TH
Philadelphia Freedom batting - Pitching for Santo Domingo Rum Runners : LHP Ken Burns
Pitching: RHP Willie Kaplan
Now at 3B: Alan West
Batting: RHB Isaiah Thomas 0-0: Ball
1-0: Ball
2-0: Ball
3-0: Called Strike
3-1: Base on Balls
Batting: LHB Rob Morris 0-0: Foul Ball, location: 2F
0-1: Swinging Strike
0-2: Ball
1-2: Ball
2-2: Ball
3-2: Strikes out swinging
Pinch Hitting: LHB Sage Emerson 0-0: SINGLE (Groundball, 6M, EV 102.5 MPH) (infield hit)
Isaiah Thomas to second
Pitching: LHP Brad Hudson
Batting: RHB Wellington Wingate 0-0: SINGLE (Groundball, 34D, EV 111.9 MPH)
Isaiah Thomas to third
Sage Emerson to second
Batting: RHB James Lester 0-0: Called Strike
0-1: Ball
1-1: Swinging Strike
1-2: Strikes out looking
Pinch Hitting: SHB Wes Johnson 0-0: Ball
1-0: Foul Ball, location: 2F
1-1: Fly out, F7 (Flyball, 7, EV 94.4 MPH)
Bottom of the 9th over - 0 runs, 2 hits, 0 errors, 3 left on base; Santo Domingo 4 - Philadelphia 0
Tuesday, May 7th , 2024 - OOTP Baseball 23.10 Build 110